 Dungeon Crawl Stone Soup version 0.29-a0-121-g8efb068a30 (webtiles) character file.

Game seed: 14591737452955439582

8636 siradein the Ruffian (level 11, -24/107 HPs)
             Began as a Troll Fighter on Feb 21, 2022.
             Was a Priest of Qazlal.
             Killed from afar by an acid dragon (26 damage)
             ... with a splash of acid
             ... on level 11 of the Dungeon.
             The game lasted 00:45:41 (10061 turns).

siradein the Ruffian (Troll Fighter)               Turns: 10061, Time: 00:45:42

Health: -24/107    AC: 12    Str: 26    XL:     11   Next: 12%
Magic:  11/11      EV:  9    Int:  4    God:    Qazlal [***...]
Gold:   778        SH: 20    Dex: 13    Spells: 10/10 levels left

rFire   . . .      SeeInvis +     - Unarmed
rCold   . . .      Faith    .   Q - +2 tower shield of Proximity {+Inv rElec}
rNeg    . . .      Spirit   .   k - +5 robe of Night {Dark Will+ SInv}
rPois   .          Reflect  .   q - +2 hat
rElec   +          Harm     .   v - +0 cloak
rCorr   .          Rampage  .   (gloves unavailable)
Will    +....                   (boots unavailable)
Stlth   +.........              (no amulet)
HPRegen 1.07/turn               m - ring of flight
MPRegen 0.12/turn               (no ring)

@: brilliant, marked, flying
A: large, unfitting armour, claws 3, regeneration 1, shaggy fur 1, tough skin 1
a: Renounce Religion, Evoke Invisibility, Upheaval, Elemental Force


You were on level 11 of the Dungeon.
You worshipped Qazlal.
Qazlal was most pleased with you.
You visited 2 branches of the dungeon, and saw 12 of its levels.
You also visited: Sewer and Bailey.

You collected 778 gold pieces.

Inventory:

Hand Weapons
 u - a +0 hunting sling
Missiles
 d - 23 poisoned darts (quivered)
 e - 19 sling bullets
 h - 428 stones
 y - 3 boomerangs
 F - a large rock
Armour
 k - the +5 robe of Night (worn) {Dark Will+ SInv}
   (You found it on level 2 of the Dungeon)

   It shrouds the wearer in darkness, reducing the range at which they can see
   and be seen by others.
   SInv:      It lets you see invisible.
   Will:      It increases your willpower.
 p - +0 storm dragon scales
 q - a +2 hat (worn)
 v - a +0 cloak (worn)
 Q - the +2 tower shield of Proximity (worn) {+Inv rElec}
   (You acquired it on level 1 of the Lair of Beasts)

   rElec:     It insulates you from electricity.
   +Inv:      It lets you turn invisible.
Jewellery
 m - a ring of flight (left claw)
Wands
 D - a wand of flame (10)
 K - a wand of paralysis (12)
 L - a wand of iceblast (9)
 N - a wand of digging (8)
Scrolls
 g - 3 scrolls of teleportation
 i - 4 scrolls of enchant armour
 j - 2 scrolls of immolation
 o - a scroll of amnesia
 w - 3 scrolls of summoning
 x - a scroll of blinking
 G - 3 scrolls of enchant weapon
 H - a scroll of acquirement
 J - a scroll of vulnerability {unknown}
 O - a scroll of identify
 P - a scroll of fog {unknown}
Potions
 a - 3 potions of attraction
 c - 6 potions of might
 f - 2 potions of berserk rage
 l - 2 potions of cancellation {unknown}
 n - a potion of degeneration {unknown}
 r - 3 potions of ambrosia
 s - 3 potions of curing
 t - 3 potions of brilliance
 z - 2 potions of invisibility {unknown}
 A - 3 potions of haste
 B - 4 potions of heal wounds {unknown}
 C - a potion of flight {unknown}
 E - a potion of mutation {unknown}
 I - a potion of magic {unknown}
 M - 2 potions of lignification {unknown}


   Skills:
 + Level 6.5 Fighting
 + Level 6.2 Throwing
 + Level 5.6 Armour
 + Level 6.4 Dodging
 + Level 6.4 Shields
 + Level 7.3 Unarmed Combat
 + Level 1.6 Invocations


You had 10 spell levels left.
You didn't know any spells.
Your spell library contained the following spells:

 Spells                   Type           Power      Damage    Failure   Level
 Animate Skeleton         Necr           0%         N/A       97%         1
 Apportation              Tloc           0%         N/A       97%         1
 Beastly Appendage        Tmut           0%         N/A       97%         1
 Freeze                   Ice            0%         1d3       97%         1
 Sandblast                Erth           0%         2d4       97%         1
 Summon Small Mammal      Summ           0%         N/A       97%         1
 Passwall                 Tmut/Erth      0%         N/A       99%         2
 Sublimation of Blood     Necr           0%         N/A       99%         2
 Wereblood                Tmut           0%         N/A       99%         2
 Frozen Ramparts          Ice            0%         1d2       100%        3
 Gell's Gravitas          Tloc           0%         N/A       100%        3
 Stone Arrow              Conj/Erth      0%         3d7       100%        3
 Teleport Other           Tloc           0%         N/A       100%        3
 Hailstorm                Conj/Ice       0%         3d3       100%        4
 Dispersal                Tloc           0%         N/A       100%        6
 Summon Hydra             Summ           0%         N/A       100%        7
 Disjunction              Tloc           0%         N/A       100%        8


Dungeon Overview and Level Annotations

Branches:
Dungeon (11/15)            Temple (0/1) D:7            Lair (1/6) D:10
  Sewer (visited)          Bailey (visited)
    Orc: D:9-12

Altars:
Dithmenos
Elyvilon
Fedhas
Gozag
Hepliaklqana
Makhleb
Nemelex Xobeh
Qazlal
Ru
Trog
Xom
The Shining One

Annotations:
D:2 1 runed translucent door, Crazy Yiuf
D:6 2 transporters


Innate Abilities, Weirdness & Mutations

You are too large for most types of armour.
You have claws for hands.
Your natural rate of healing is unusually fast.
You are covered in fur. (AC +1)
You have tough skin. (AC +1)


Message History

You mangle the kobold!!
You kill the kobold!
Qazlal accepts your kill.
A kobold brigand comes into view.
It is wielding a +0 short sword and quivering poisoned darts.
You block the orc warrior's attack.
The orc warrior no longer looks unusually strong.
You block the kobold brigand's attack.
The orc knight roars a battlecry!
The orc warrior goes into a battle-frenzy!
Things that are here:
a +0 short sword; 4 stones; a kobold corpse You barely miss the kobold brigand.
You block the kobold brigand's attack.
The orc warrior hits you with a +0 scimitar!!
You barely miss the kobold brigand. You block the kobold brigand's attack.
An orc warrior comes into view. It is wielding a +0 war axe.
The orc warrior hits you with a +0 scimitar!
* * * LOW HITPOINT WARNING * * *
A kobold comes into view. It is wielding a +0 dagger.
Unknown command.
You barely miss the kobold brigand. You block the kobold brigand's attack.
The acid dragon spits acid at you. The splash of acid hits you.
* * * LOW HITPOINT WARNING * * *
The orc warrior hits you with a +0 scimitar!
* * * LOW HITPOINT WARNING * * *
The kobold brigand hits you with a +0 short sword.
* * * LOW HITPOINT WARNING * * *
It was a potion of brilliance.
You feel clever all of a sudden. You block the orc warrior's attack.
You block the kobold brigand's attack.
It was a potion of curing.
You feel better. You block the acid dragon's attack. x2
The orc warrior hits you with a +0 scimitar!
* * * LOW HITPOINT WARNING * * *
You block the kobold brigand's attack.
Blink to where?
Press: ? - help, Dir - move target, p - orc knight
As you read the scroll of blinking, it crumbles to dust.
The acid dragon spits acid at you. The splash of acid hits you!!
You die...

##############
#KoTo§D§@§....
#K####K§§####.
#.# §o§§§#
#.##§§..§§.
#T#§§K...§§
#oK§K§.....
#...§.._...
#......§§§
#.#.D§§.§§§.


You could see an orc warrior, an acid dragon (catching breath) and a kobold
brigand.

Vanquished Creatures
  3 orc knights (Bailey)
  2 kobold demonologists
  A troll (D:10)
  Grinder (D:3)
  2 vampires
  3 wyverns
  A wraith (D:10)
  3 yaks (D:7)
  3 water moccasins (D:7)
  Pargi (Sewer)
  A black bear (D:6)
  A necrophage (D:5)
  9 orc warriors
  A hornet zombie (D:8)
  3 ogres (D:5)
  4 centaurs
  A phantom (D:7)
  3 kobold brigands
  3 scorpions
  A water moccasin skeleton (D:4)
  10 killer bees
  7 howler monkeys
  5 centaur zombies
  A bullfrog zombie (D:5)
  A hound (D:4)
  4 jellies
  2 orc priests
  2 bullfrog skeletons
  An iguana (D:3)
  Natasha (thrice) (D:2)
  4 orc wizards
  A killer bee zombie (D:8)
  Robin (D:2)
  2 howler monkey zombies
  11 adders
  A river rat (D:4)
  2 worms
  A dart slug (D:1)
  51 orcs
  4 ball pythons
  8 endoplasms
  2 giant cockroaches
  20 goblins
  7 hobgoblins
  7 jackals
  3 quokkas
  7 bats
  5 frilled lizards
  18 kobolds
  7 rats
245 creatures vanquished.

Vanquished Creatures (others)
  An orc (D:9)
  7 plants (D:10)
8 creatures vanquished.

Grand Total: 253 creatures vanquished

Notes
Turn   | Place    | Note
-------+----------+-------------------------------------------
     0 | D:1      | siradein the Troll Fighter began the quest for the Orb.
     0 | D:1      | Reached XP level 1. HP: 22/22 MP: 0/0
    70 | D:1      | Reached XP level 2. HP: 29/29 MP: 1/1
   616 | D:2      | Reached XP level 3. HP: 30/36 MP: 2/2
   672 | D:2      | Noticed Robin
   701 | D:2      | Killed Robin
   839 | D:2      | Reached XP level 4. HP: 35/44 MP: 3/3
   851 | D:2      | Found the +5 robe of Night {Dark Will+ SInv}
   994 | D:2      | Reached skill level 1 in Throwing
  1248 | D:2      | Noticed Natasha
  1253 | D:2      | Killed Natasha
  1254 | D:2      | Reached XP level 5. HP: 51/53 MP: 4/4
  1322 | D:2      | Noticed Natasha
  1331 | D:2      | Killed Natasha
  1332 | D:2      | Reached skill level 3 in Unarmed Combat
  1367 | D:2      | Found a runed translucent door.
  1369 | D:2      | Noticed Crazy Yiuf
  1557 | D:2      | Noticed Natasha
  1564 | D:2      | Killed Natasha
  2341 | D:3      | Reached skill level 1 in Armour
  2419 | D:3      | Noticed Grinder
  2429 | D:3      | Paralysed by Grinder for 4 turns
  2435 | D:3      | Killed Grinder
  2436 | D:3      | Reached XP level 6. HP: 51/61 MP: 5/5
  2665 | D:3      | Found a faded altar of an unknown god.
  2674 | D:3      | Got Plato's Compendium of Shape Shifting
  3124 | D:4      | Reached XP level 7. HP: 66/67 MP: 6/6
  3216 | D:4      | Found a glowing drain.
  3229 | Sewer    | Entered a sewer
  3252 | Sewer    | Noticed Pargi
  3258 | Sewer    | Killed Pargi
  3721 | D:4      | Reached skill level 4 in Unarmed Combat
  3846 | D:5      | Entered Level 5 of the Dungeon
  3991 | D:5      | Reached XP level 8. HP: 78/78 MP: 7/7
  4107 | D:5      | Found a shimmering altar of Xom.
  4108 | D:5      | Found a hazy altar of Hepliaklqana.
  4109 | D:5      | Noticed a spectral ugly thing
  4483 | D:5      | Found a sparkling altar of Nemelex Xobeh.
  4596 | D:6      | Found a transporter.
  4711 | D:6      | You are sucked into a shaft and drop 3 floors!
  4858 | D:7      | Found a sacrificial altar of Ru.
  4858 | D:7      | Found a stormy altar of Qazlal.
  4860 | D:7      | Found a glowing golden altar of the Shining One.
  4860 | D:7      | Found a bloodstained altar of Trog.
  4863 | D:7      | Became a worshipper of Qazlal Stormbringer
  5175 | D:7      | Found a flagged portal.
  5195 | Bailey   | Entered a bailey
  5216 | Bailey   | Reached skill level 5 in Unarmed Combat
  5291 | Bailey   | Reached * piety under Qazlal
  5381 | Bailey   | Reached XP level 9. HP: 64/85 MP: 8/8
  5450 | Bailey   | Noticed an orc knight
  5697 | Bailey   | Killed an orc knight
  5698 | Bailey   | Reached skill level 5 in Fighting
  5698 | Bailey   | Reached skill level 5 in Shields
  5843 | Bailey   | Reached skill level 5 in Dodging
  5850 | Bailey   | Noticed an orc knight
  5942 | Bailey   | Killed an orc knight
  6041 | Bailey   | Noticed an orc knight
  6080 | Bailey   | Killed an orc knight
  6081 | Bailey   | Reached skill level 6 in Unarmed Combat
  6594 | D:6      | Reached skill level 5 in Throwing
  6594 | D:6      | Found a transporter.
  6684 | D:6      | Noticed a kobold demonologist
  6743 | D:6      | Noticed a kobold demonologist
  7056 | D:7      | Found a staircase to the Ecumenical Temple.
  7074 | D:7      | Reached XP level 10. HP: 89/98 MP: 9/9
  7113 | D:7      | Reached ** piety under Qazlal
  8502 | D:9      | Reached skill level 5 in Armour
  8714 | D:9      | Noticed an orange demon
  8715 | D:10     | Entered Level 10 of the Dungeon
  8802 | D:9      | Found an opulent altar of Gozag.
  8815 | D:9      | Reached skill level 7 in Unarmed Combat
  9004 | D:10     | Reached *** piety under Qazlal
  9032 | D:10     | Found a burning altar of Makhleb.
  9206 | D:10     | Reached skill level 1 in Invocations
  9229 | D:10     | Reached XP level 11. HP: 98/107 MP: 10/10
  9300 | D:10     | Found a white marble altar of Elyvilon.
  9354 | D:10     | Found a blossoming altar of Fedhas.
  9641 | D:10     | Found a staircase to the Lair.
  9886 | Lair:1   | Entered Level 1 of the Lair of Beasts
  9887 | Lair:1   | Acquired the +2 tower shield of Proximity {+Inv rElec}
  9944 | D:11     | Noticed an eight-headed hydra
  9959 | D:11     | HP: 2/107 [nine-headed hydra (6)]
 10025 | D:11     | Noticed an orc knight
 10039 | D:11     | Found a shadowy altar of Dithmenos.
 10058 | D:11     | HP: 5/107 [kobold brigand (2)]
 10060 | D:11     | HP: 1/107 [orc warrior[an orc knight] (12)]
 10061 | D:11     | Killed from afar by an acid dragon

Illustrated notes

Levels and vault maps discovered:
D:1:      scummos_arrival_gate, layout_basic
D:2:      layout_basic, minmay_cupped, uniq_robin, uniq_crazy_yiuf_cottage,
          uniq_natasha
D:3:      layout_basic, shapermc_ecumenical_altar_rom_forum, uniq_grinder
D:4:      layout_rooms, gup_sewer_entry_bubbles
D:5:      layout_rooms, nemelex_dance_club_becter,
          regret_index_temple_of_mockery
D:6:      gammafunk_wand_slinger, layout_basic
D:7:      layout_loops_corners, nicolae_overflow_hidden_temple,
          minmay_temple_entry_trees, enter_bailey_5, hangedman_decor_peaks_small
D:8:      layout_basic
D:9:      layout_cave_pools, grunt_gozag_statues
D:10:     layout_long_grid, mainiacjoe_overflow_catwalk,
          mainiacjoe_overflow_cross_hatched,
          mainiacjoe_overflow_small_starburst, lair_entry_dummy
D:11:     layout_roguey, serial_shops, nicolae_shop_advertising_works
          [nicolae_subvault_shop_adworks], minmay_misc_feat_pillars,
          grunt_ministairs_13, nicolae_dithmenos_the_darkroom
Lair:1:   layout_cave_shapes, portal_ice_cave_entry_pillars_1,
          grunt_megastairs_2, infiniplex_staircase_pool_2

Skill      XL: |  1  2  3  4  5  6  7  8  9 10 |
---------------+-------------------------------+-----
Throwing       | 1 2 3 5 6 |  6.2
Shields        | 3 4 5 6 |  6.4
Fighting       | 3 4 5 6 |  6.5
Dodging        | 3 4 5 6 |  6.4
Unarmed Combat | 3 4 5 6 7 |  7.3
Armour         | 1 2 3 4 5 |  5.6
Invocations    | 1 |  1.6

Action                   |  1- 3 |  4- 6 |  7- 9 | 10-12 || total
-------------------------+-------+-------+-------+-------++-------
Melee: Unarmed           |   103 |   152 |   359 |   299 ||   913
Throw: Dart              |       |       |    13 |     4 ||    17
       Boomerang         |       |       |       |     3 ||     3
       Large rock        |       |       |       |     1 ||     1
  Use: Scroll            |       |     1 |     9 |     4 ||    14
       Potion            |       |       |       |     2 ||     2
Armor: Robe              |    30 |    43 |    93 |   168 ||   334
       Storm dragon scal |       |    22 |    44 |       ||    66
       Troll leather arm |       |       |     5 |       ||     5
Dodge: Dodged            |    35 |    47 |   142 |   151 ||   375
Block: Kite shield       |    39 |    50 |   171 |   266 ||   526
       Tower shield      |       |       |       |    55 ||    55

Table legend: (Time is in decaauts)
 A = Elapsed time spent in this place.
 B = Non-inter-level travel time spent in this place.
 C = Inter-level travel time spent in this place.
 D = Time resting spent in this place.
 E = Time spent auto-exploring this place.
 F = Levels seen in this place.
 G = Mean time per level.
                   A        B        C        D        E       F      G
               +--------+--------+--------+--------+--------+-----+--------+
         Total |  10164 |   9920 |    244 |    325 |   6590 |  14 |  726.0 |
       Dungeon |   8980 |   8736 |    244 |    253 |   6146 |  11 |  816.4 |
          Lair |     13 |     13 |      0 |      0 |      0 |   1 |   13.0 |
         Sewer |    219 |    219 |      0 |      0 |    133 |   1 |  219.0 |
        Bailey |    951 |    951 |      0 |     72 |    311 |   1 |  951.0 |
               +--------+--------+--------+--------+--------+-----+--------+

Top non-repeatable levels by time:
     D:2: 1712 daAuts
     D:7: 1110 daAuts
  Bailey: 951 daAuts
    D:10: 943 daAuts
     D:8: 909 daAuts
     D:6: 824 daAuts
     D:3: 794 daAuts
     D:5: 746 daAuts
     D:4: 645 daAuts
     D:9: 586 daAuts
     D:1: 557 daAuts
   Sewer: 219 daAuts
    D:11: 149 daAuts
  Lair:1: 13 daAuts
